 Seeded DCSS version 0.27-a0-1101-ge311f74bc8 (webtiles) character file.

Game seed: 20210428 (custom seed)

1694 Snicker the Covert (level 8, -6/60 HPs)
             Began as a Demonspawn Brigand on Apr 28, 2021.
             Was an Initiate of Gozag.
             Engulfed by a steam dragon's steam (8 damage)
             ... on level 6 of the Dungeon.
             The game lasted 00:09:01 (5862 turns).

Snicker the Covert (Demonspawn Brigand)             Turns: 5862, Time: 00:09:02

Health: -6/60      AC:  8    Str: 11    XL:     8   Next: 72%
Magic:  8/8        EV: 12    Int: 14    God:    Gozag
Gold:   260        SH:  0    Dex: 16    Spells: 5/7 levels left

rFire    . . .     SeeInvis .   a - +2 dagger
rCold    + . .     Faith    .   (no shield)
rNeg     . . .     Spirit   .   y - +1 leather armour {rC+}
rPois    .         Reflect  .   r - +1 hat
rElec    .         Harm     .   c - +0 cloak
rCorr    .         Rampage  .   (no gloves)
Will     .....                  (no boots)
Stlth    ++++......             (no amulet)
HPRegen  0.20/turn              (no ring)
MPRegen  0.11/turn              (no ring)

@: very slightly contaminated, invisible
A: talons 2, thin metallic scales 1, spiny 2
a: Renounce Religion, Potion Petition, Call Merchant, Bribe Branch


You were on level 6 of the Dungeon.
You worshipped Gozag.
Gozag was aware of your devotion.
You visited 1 branch of the dungeon, and saw 6 of its levels.
You also visited: Sewer.

You collected 335 gold pieces.
You paid 75 gold pieces to Gozag.

Inventory:

Hand Weapons
 a - a +2 dagger (weapon)
 b - a +1 whip of electrocution
Missiles
 d - 10 poisoned darts
 e - a curare-tipped dart (quivered)
 g - 3 throwing nets
Armour
 c - a +0 cloak (worn)
 j - a +0 leather armour
 q - a +0 robe
 r - a +1 hat (worn)
 s - a +2 pair of gloves
 y - a +1 leather armour of cold resistance (worn)
Jewellery
 n - an amulet of faith
Scrolls
 f - a scroll of summoning {unknown}
 h - 5 scrolls of amnesia {unknown}
 i - a scroll of enchant weapon {unknown}
 k - 5 scrolls of identify {unknown}
 m - a scroll of noise {unknown}
 o - a scroll of vulnerability {unknown}
 p - a scroll of fear {unknown}
 t - a scroll of blinking {unknown}
 u - a scroll of fog {unknown}
 v - a scroll of teleportation {unknown}
 C - 3 scrolls of immolation {unknown}
 D - a scroll of enchant armour {unknown}
Potions
 l - a potion of degeneration {unknown}
 w - a potion of flight
 x - a potion of invisibility
 z - a potion of brilliance {unknown}
 A - a potion of lignification {unknown}
 E - a potion of heal wounds {unknown}


   Skills:
 + Level 3.6 Fighting
 * Level 4.9 Short Blades
 + Level 2.6 Maces & Flails
 + Level 1.9 Throwing
 + Level 3.0 Armour
 + Level 2.8 Dodging
 * Level 8.2 Stealth


You had 5 spell levels left.
You knew the following spells:

 Your Spells              Type           Power      Damage    Failure   Level
a - Ensorcelled Hibernat  Hex/Ice        0%         N/A       50%         2

Your spell library contained the following spells:

 Spells                   Type           Power      Damage    Failure   Level
 Corona                   Hex            0%         N/A       36%         1
 Confusing Touch          Hex            0%         N/A       73%         3
 Dazzling Flash           Conj/Hex       0%         N/A       73%         3
 Tukima's Dance           Hex            0%         N/A       73%         3


Dungeon Overview and Level Annotations

Branches:
Dungeon (6/15)             Temple (0/1) D:4           Sewer (visited)

Altars:
Ashenzari
Cheibriados
Elyvilon
Gozag
Hepliaklqana
Nemelex Xobeh
Trog
Uskayaw
Yredelemnul
Zin

Annotations:
D:3 3 runed translucent doors, soylentgreeen202's ghost, amateur DrBr


Innate Abilities, Weirdness & Mutations

You have razor-sharp toenails.
You are partially covered in thin metallic scales. (AC +2)
You are mostly covered in sharp spines.


Message History

5 gold pieces; a +0 dagger; a +0 robe The steam dragon breathes steam at you.
The ball of steam misses you.
You are engulfed in a cloud of scalding steam.
You feel better.
Your leather armour prevents you from hitting the steam dragon.
The steam dragon is heavily wounded.
You hit the steam dragon but do no damage.
Your kick misses the steam dragon.
The steam dragon is heavily wounded.
The steam dragon is struck by your spines.
The steam dragon misses you. The steam dragon claws you.
You closely miss the steam dragon. Your kick misses the steam dragon.
The steam dragon is severely wounded.
The steam dragon breathes steam at you. The ball of steam hits you!
* * * LOW HITPOINT WARNING * * *
You hear an angry hiss.
You hit the steam dragon but do no damage.
You claw the steam dragon.
The steam dragon is severely wounded.
You are engulfed in a cloud of scalding steam.
* * * LOW HITPOINT WARNING * * *
The steam dragon barely misses you.
The steam dragon claws you but does no damage.
You completely miss the steam dragon.
The steam dragon is severely wounded.
You are engulfed in a cloud of scalding steam.
* * * LOW HITPOINT WARNING * * *
An iguana comes into view.
Unknown command.
It was a potion of invisibility.
You fade into invisibility!
The steam dragon is struck by your spines.
The steam dragon closely misses you. The steam dragon barely misses you.
You are very lightly contaminated with residual magic.
You hit the steam dragon.
The steam dragon is almost dead.
You die...
Your body crumbles into a pile of gold.

..###.#######...###
#..#...............
.###............#####
..........).......)).
..................###
.....§.........<...
....§........##..##
#§####...............
$
#§..@D..l....#####..#
. ########........#
#.# ..#####
#§§.####.# .#
.......#####D.....# #
(.
#......#o.$..#.##.#
#. ....b....#####.# #
#.#.#.#..# ..
........## ###
#.#.#.#..


You could see a steam dragon (catching breath) and an iguana.

Vanquished Creatures
  Eustachio (D:4)
  3 water moccasins (D:5)
  3 black bears
  A necrophage (D:5)
  An ogre (D:6)
  A centaur (D:5)
  3 scorpions
  A water moccasin skeleton (D:4)
  A centaur zombie (D:5)
  An orc priest (D:4)
  2 centaur skeletons
  3 iguanas (D:5)
  A scorpion zombie (D:5)
  2 orc wizards (D:6)
  A killer bee zombie (D:4)
  A howler monkey skeleton (D:6)
  4 adders
  An ufetubus (D:5)
  2 adder skeletons
  A dart slug (D:1)
  8 worms
  15 orcs
  12 ball pythons
  14 bats
  6 endoplasms
  4 giant cockroaches
  9 goblins
  9 hobgoblins
  10 jackals
  3 quokkas
  7 frilled lizards
  7 kobolds
  4 rats
142 creatures vanquished.

Vanquished Creatures (others)
  A dart slug (D:1)
  A quokka (D:4)
  A bat (D:1)
  A butterfly (D:6)
4 creatures vanquished.

Grand Total: 146 creatures vanquished

Notes
Turn   | Place    | Note
-------+----------+-------------------------------------------
     0 | D:1      | Snicker the Demonspawn Brigand began the quest for the Orb.
     0 | D:1      | Reached XP level 1. HP: 16/16 MP: 1/1
    53 | D:1      | Reached skill level 1 in Dodging
   218 | D:1      | Reached skill level 4 in Stealth
   400 | D:1      | Found a faded altar of an unknown god.
   434 | D:1      | Gained mutation: You are partially covered in sharp spines.
                  | [demonic ancestry]
   434 | D:1      | Reached XP level 2. HP: 15/22 MP: 2/2
  1018 | D:2      | Gained mutation: You have sharp toenails. [demonic
                  | ancestry]
  1018 | D:2      | Reached XP level 3. HP: 27/27 MP: 3/3
  1442 | D:2      | Found a hide-covered altar of Uskayaw.
  2018 | D:3      | Reached XP level 4. HP: 27/33 MP: 4/4
  2021 | D:3      | Learned a level 2 spell: Ensorcelled Hibernation
  2164 | D:3      | Found a hide-covered altar of Uskayaw.
  2538 | D:3      | Found a broken altar of Ashenzari.
  2577 | D:3      | Found a runed translucent gate.
  2577 | D:3      | Found a runed translucent gate.
  2579 | D:3      | Found a runed translucent gate.
  2581 | D:3      | Noticed soylentgreeen202's ghost (amateur DrBr)
  2617 | D:3      | Found a glowing drain.
  2640 | Sewer    | Entered a sewer
  2647 | Sewer    | Reached skill level 5 in Stealth
  3007 | Sewer    | Gained mutation: You have razor-sharp toenails. [demonic
                  | ancestry]
  3007 | Sewer    | Reached XP level 5. HP: 29/38 MP: 5/5
  3574 | D:4      | Reached skill level 1 in Armour
  3577 | D:4      | Found a sparkling altar of Nemelex Xobeh.
  3724 | D:4      | Found a hazy altar of Hepliaklqana.
  3741 | D:4      | Reached XP level 6. HP: 15/44 MP: 6/6
  3750 | D:4      | HP: 2/44 [poisoned by a scorpion]
  4140 | D:4      | Noticed Eustachio
  4156 | D:4      | Killed Eustachio
  4157 | D:4      | Reached skill level 6 in Stealth
  4299 | D:4      | Found a staircase to the Ecumenical Temple.
  4395 | D:4      | Found a snail-covered altar of Cheibriados.
  4652 | D:5      | Entered Level 5 of the Dungeon
  4698 | D:5      | Reached skill level 1 in Maces & Flails
  4698 | D:5      | Gained mutation: You are mostly covered in sharp spines.
                  | [demonic ancestry]
  4698 | D:5      | Reached XP level 7. HP: 51/51 MP: 7/7
  4733 | D:5      | Found a bloodstained altar of Trog.
  4752 | D:5      | Reached skill level 7 in Stealth
  5146 | D:5      | Found an opulent altar of Gozag.
  5147 | D:5      | Found a basalt altar of Yredelemnul.
  5154 | D:5      | Became a worshipper of Gozag Ym Sagoz the Greedy
  5208 | D:5      | Gained mutation: You are partially covered in thin metallic
                  | scales. (AC +2) [demonic ancestry]
  5208 | D:5      | Reached XP level 8. HP: 51/57 MP: 8/8
  5768 | D:6      | Reached skill level 8 in Stealth
  5860 | D:6      | HP: 2/60 [steam dragon] (8)]
  5862 | D:6      | Engulfed by a steam dragon's steam

Illustrated notes

Levels and vault maps discovered:
D:1:      psy_arrival_terrarium, layout_loops_cross,
          hellmonk_ecumenical_altar_crossroads, minivault_26,
          lemuel_flame_loot_1
D:2:      layout_loops_corners, basic_altar, amethyst_killhole
D:3:      layout_rooms, lemuel_tele_altar, nicolae_uskayaw_dance_hall,
          nicolae_ashenzari_skybound, gammafunk_ghost_necromancy,
          portal_sewer_entry_b, guppyfry_early_orc_mine
D:4:      layout_basic, elyvilon_altar_4, nicolae_overflow_crystal_walls,
          slow_altar_2, nicolae_hepliaklqana_hazy_memory,
          minmay_temple_entry_slanted, uniq_eustachio
D:5:      layout_rooms, trog_ov_bears_minmay, gammafunk_temple_overflow_pools,
          hangedman_decor_opposing, minmay_misc_feat_square,
          minmay_misc_feat_nine_boxes
D:6:      layout_basic, xom_butterflies, serial_glass, glass_columns_c,
          glass_columns_a, minmay_strange_pillars

Skill      XL: |  1  2  3  4  5  6  7  8 |
---------------+-------------------------+-----
Dodging        | 1 2 |  2.8
Stealth        | 4 5 6 7 8 |  8.2
Short Blades   | 2 3 4 |  4.9
Armour         | 1 2 3 |  3.0
Maces & Flails | 1 2 |  2.6
Fighting       | 3 |  3.6
Throwing       | |  1.9

Action                   |  1- 3 |  4- 6 |  7- 9 || total
-------------------------+-------+-------+-------++-------
Melee: Dagger            |    76 |    89 |    43 ||   208
       Kick              |     7 |    34 |    18 ||    59
       Whip              |       |    48 |    34 ||    82
Throw: Dart              |       |     1 |       ||     1
  Use: Potion            |       |     4 |     2 ||     6
 Stab: Sleeping          |    11 |    10 |     5 ||    26
       Distracted        |       |     1 |       ||     1
Armor: Robe              |     6 |       |       ||     6
       Leather armour    |     7 |    29 |    29 ||    65
Dodge: Dodged            |    32 |    57 |    54 ||   143

Table legend: (Time is in decaauts)
 A = Elapsed time spent in this place.
 B = Non-inter-level travel time spent in this place.
 C = Inter-level travel time spent in this place.
 D = Time resting spent in this place.
 E = Time spent auto-exploring this place.
 F = Levels seen in this place.
 G = Mean time per level.
                   A        B        C        D        E       F      G
               +--------+--------+--------+--------+--------+-----+--------+
         Total |   6006 |   5820 |    186 |    635 |   3787 |   7 |  858.0 |
       Dungeon |   5219 |   5033 |    186 |    635 |   3425 |   6 |  869.8 |
         Sewer |    786 |    786 |      0 |      0 |    362 |   1 |  786.0 |
               +--------+--------+--------+--------+--------+-----+--------+

Top non-repeatable levels by time:
     D:4: 1223 daAuts
     D:5: 1088 daAuts
     D:2: 997 daAuts
     D:1: 995 daAuts
     D:3: 810 daAuts
   Sewer: 786 daAuts
     D:6: 105 daAuts
